Map: Berlingrad LE

Players

Serral

  • Race: Zerg Zerg

DPGrogue (Rogue) - Winner!

  • Race: Zerg Zerg

Event: TSL 8

VOD

Have the link to the VOD?

Description

Time

  • Played on: Dec. 12, 2021, 10:40 a.m.
  • Length: 4:29

All games in this series

Show
View Real Time Build Order
Export as new Build Order

Serral Zerg 

Build Orders: Pool First 

Get SALT Encoding   

  12  0:00  Drone  
  13  0:12  Overlord  
  13  0:23  Drone  
  14  0:31  Drone x2  
  14  0:35  Drone  
  17  0:44  Spawning Pool  
  17  0:47  Drone  
  17  1:07  Hatchery  
  17  1:09  Drone  
  17  1:15  Extractor  
  17  1:16  Drone  
  17  1:31  Zergling x2, Queen  
  20  1:36  Drone  
  20  1:39  Overlord  
  21  1:49  Drone  
  22  2:04  Drone  
  22  2:06  Queen  
  25  2:11  Drone  
  26  2:18  Queen  
  26  2:19  Drone  
  26  2:21  Drone  
  30  2:29  Drone  
  31  2:32  Overlord  
  31  2:39  Drone  
  31  2:40  Drone x2  
  31  2:43  Drone  
  35  2:47  Drone  
  35  2:51  Overlord  
  36  2:54  Queen  
  38  2:58  Drone  
  38  3:02  Drone  
  40  3:07  Evolution Chamber  
  39  3:13  Evolution Chamber x2  
  39  3:16  Drone  
  38  3:23  Evolution Chamber  
  37  3:28  Evolution Chamber  
  37  3:29  Drone x3  
  37  3:30  Drone x2  
  42  3:35  Evolution Chamber  
  42  3:37  Drone  
  38  3:43  Drone x2  
  38  3:48  Drone  
  38  3:55  Drone, Roach Warren  
Show
View Real Time Build Order
Export as new Build Order

DPGrogue Zerg - Winner!

Build Orders: Pool First 

Get SALT Encoding   

  12  0:00  Drone  
  13  0:12  Overlord  
  13  0:17  Drone  
  14  0:31  Drone x2  
  14  0:34  Drone  
  17  0:45  Drone, Extractor  
  17  0:49  Spawning Pool  
  16  0:56  Drone  
  17  1:09  Drone  
  18  1:16  Hatchery  
  17  1:35  Zergling x2, Queen  
  20  1:42  Zergling x2  
  20  1:45  Metabolic Boost  
  21  1:50  Overlord  
  21  1:53  Zergling x2  
  22  2:09  Zergling x2  
  22  2:10  Zergling x2  
  22  2:11  Queen  
  26  2:23  Zergling x2  
  26  2:29  Queen  
  29  2:30  Zergling x2  
  29  2:33  Zergling x2  
  31  2:40  Zergling x2  
  32  2:44  Zergling x6  
  35  2:52  Overlord  
  35  2:57  Zergling x2  
  36  3:11  Zergling x4  
  38  3:14  Zergling x2  
  39  3:21  Zergling x8  
  39  3:23  Zergling x2  
  43  3:33  Zergling x4  
  43  3:38  Zergling x4  
  43  3:40  Overlord  
  42  3:44  Zergling x2  
  42  3:46  Zergling x2  
  41  3:54  Zergling x2  
  41  3:55  Zergling x2  
  39  3:56  Zergling x4  
  39  3:58  Zergling x2  
Tags
 
Add a new tag
Caveats
  • Supply blocks, unpowered buildings, or Contaminate may cause inaccurate times.
  • Supply counts are checked every 10 seconds.